 Dungeon Crawl Stone Soup version 0.20.1-1-g8b1a95d66d (webtiles) character file.

433 NullDivider the Sneak (level 7, -5/45 HPs)
             Began as an Octopode Artificer on Nov 24, 2017.
             Was an Initiate of Nemelex Xobeh.
             Killed by divine providence
             ... invoked by an orc priest
              (11 damage)
             ... while paralysed by Grinder
             ... on level 5 of the Dungeon.
             The game lasted 00:18:51 (4528 turns).

NullDivider the Sneak (Octopode Artificer)          Turns: 4528, Time: 00:18:52

Health: -5/45      AC:  1    Str: 11    XL:     7   Next: 0%
Magic:  10/10      EV:  2    Int: 14    God:    Nemelex Xobeh [......]
Gold:   201        SH:  0    Dex: 14    Spells: 6/6 levels left

rFire    . . .     SeeInvis .   m - +0 dagger
rCold    . . .     Gourm    .   (no shield)
rNeg     . . .     Faith    .   (helmet restricted)
rPois    .         Spirit   .   (no amulet)
rElec    .         Reflect  .   (no ring)
rCorr    .         Harm     .   (no ring)
MR       .....                  (no ring)
Stlth    ++++......             (no ring)
Regen    0.2/turn               (no ring)
MPRegen  0.2/turn               (no ring)
                                (no ring)
                                (no ring)

@: paralysed
A: almost no armour, stealthy swim, amphibious, 8 rings, constrict 8, camouflage
1, gelatinous body 1
a: Renounce Religion


You were on level 5 of the Dungeon.
You worshipped Nemelex Xobeh.
Nemelex Xobeh was noncommittal.
You were not hungry.

You visited 1 branch of the dungeon, and saw 5 of its levels.

You collected 226 gold pieces.
You spent 25 gold pieces at shops.

Inventory:

Hand Weapons
 m - a +0 dagger (weapon)
Wands
 b - a wand of flame (9/48)
 c - a wand of enslavement (13/24)
 d - a wand of random effects (15/48)
 e - a wand of lightning (4/15)
 y - a wand of confusion (24/48)
Scrolls
 a - 2 scrolls of fog {unknown}
 h - 3 scrolls of amnesia
 i - 2 scrolls of remove curse
 l - a scroll of enchant armour {unknown}
 q - 3 scrolls of teleportation
 v - a scroll of recharging {unknown}
 x - 3 scrolls of immolation {unknown}
Potions
 j - a potion of might {unknown}
 n - a potion of lignification {unknown}
 o - a potion of magic {unknown}
 p - 3 potions of flight {unknown}
 t - 4 potions of curing {unknown}
 u - a potion of berserk rage {unknown}
 B - a potion of haste {unknown}
Books
 w - a book of Geomancy

   Spells                             Type                      Level
   a - Sandblast                      Earth                        1
   b - Passwall                       Transmutation/Earth          2
   c - Stone Arrow                    Conjuration/Earth            3
   d - Petrify                        Transmutation/Earth          4
   e - Lee's Rapid Deconstruction     Earth                        5
Miscellaneous
 z - a plain deck of destruction
Comestibles
 f - 4 bread rations
 g - 3 meat rations
 k - 2 chunks of flesh
 r - 3 fruits
 s - a royal jelly


   Skills:
 + Level 2.8 Fighting
 + Level 2.7 Short Blades
 + Level 3.2 Dodging
 * Level 6.1 Stealth
 + Level 4.5 Evocations


You had 6 spell levels left.
You didn't know any spells.

Dungeon Overview and Level Annotations

Branches:
Dungeon (5/15)
 Temple: D:4-7

Altars:
Cheibriados
Dithmenos
Nemelex Xobeh
Uskayaw
Vehumet
Xom
Yredelemnul

Shops:
D:4 *

Annotations:
D:5 Grinder


Innate Abilities, Weirdness & Mutations

You cannot wear most types of armour.
You are very stealthy in the water. (Stealth+)
You are amphibious.
You can wear up to eight rings at the same time.
You can use your tentacles to constrict eight enemies at once.
Your skin changes colour to match your surroundings (Stealth+).
Your rubbery body absorbs attacks. (AC +1, EV +1)


Message History

You hit the orc. Your grab misses the orc. You squeeze the orc.
You kill the orc!
You have reached level 7!
Evoke which item? (* to show all) (? for menu, Esc to quit)
Aiming: Enslavement
Press: ? - help, Shift-Dir - straight line, f - orc priest, p - orc
Aim: an orc priest, wielding a trident and wearing a ring mail (chance to defeat MR: 59%) Really fire in your orc's direction?
Uppercase [Y]es or [N]o only, please.
Really fire in your orc's direction?
The orc is no longer charmed.
The orc is charmed.
This wand has 13 charges left.
Grinder gestures at you.
You suddenly lose the ability to move!
Grinder gestures at you.
You shrug off the repeated paralysis!
The orc priest invokes the aid of Beogh against you.
Beogh smites you!
You die...
Your body disappears without a glow.

#.........# ###..##...#
#.........######.....##.
#........................
#.........#####...#..##..
#...............#.#...#
...##......# #.# #o######
... #o# ##. #@# #.# ..#
..## ... ...# 5... .....


You could see Grinder, an orc priest and a friendly orc.

Vanquished Creatures
  An ogre (D:4)
  A water moccasin skeleton (D:4)
  A crimson imp (D:3)
  2 orc priests
  Ijyb (D:5)
  2 worker ants (D:4)
  An orc wizard (D:5)
  3 adders
  An ooze (D:4)
  A worm (D:2)
  A leopard gecko (D:2)
  7 orcs
  3 giant cockroaches
  5 goblins
  9 hobgoblins
  8 jackals
  2 quokkas
  A ball python (D:2)
  5 bats
  3 frilled lizards
  A jackal skeleton (D:4)
  7 kobolds
  A leopard gecko skeleton (D:4)
  7 rats
74 creatures vanquished.

Notes
Turn   | Place    | Note
-------+----------+-------------------------------------------
     0 | D:1      | NullDivider the Octopode Artificer began the quest for the Orb.
     0 | D:1      | Reached XP level 1. HP: 13/13 MP: 3/3
   275 | D:1      | Reached skill level 2 in Stealth
   275 | D:1      | Reached XP level 2. HP: 18/18 MP: 4/4
   672 | D:2      | Found a basalt altar of Yredelemnul.
   672 | D:2      | Found a radiant altar of Vehumet.
   679 | D:2      | Found a faded altar of an unknown god.
   681 | D:2      | Found a faded altar of an unknown god.
   683 | D:2      | Found a shimmering altar of Xom.
   879 | D:2      | Reached XP level 3. HP: 20/23 MP: 5/5
  1012 | D:2      | Reached skill level 3 in Stealth
  1439 | D:2      | Found a snail-covered altar of Cheibriados.
  1439 | D:2      | Found a hide-covered altar of Uskayaw.
  1755 | D:3      | Reached XP level 4. HP: 29/29 MP: 6/6
  2044 | D:3      | Reached skill level 4 in Stealth
  2220 | D:3      | Reached XP level 5. HP: 32/34 MP: 7/7
  2544 | D:3      | Found a shadowy altar of Dithmenos.
  2993 | D:4      | Reached skill level 5 in Stealth
  3017 | D:4      | Noticed an ogre
  3024 | D:4      | Killed an ogre
  3024 | D:4      | Reached XP level 6. HP: 21/41 MP: 9/9
  3486 | D:4      | Found Ihenac's Assorted Antiques.
  3494 | D:4      | Bought a scroll labeled TEOPOBOVVEL for 25 gold pieces
  3577 | D:4      | Found a sparkling altar of Nemelex Xobeh.
  3581 | D:4      | Became a worshipper of Nemelex Xobeh the Trickster
  3753 | D:4      | Received a gift from Nemelex Xobeh
  3781 | D:5      | Entered Level 5 of the Dungeon
  4480 | D:5      | Noticed Ijyb
  4485 | D:5      | Killed Ijyb
  4515 | D:5      | Reached skill level 6 in Stealth
  4524 | D:5      | Noticed Grinder
  4525 | D:5      | Reached XP level 7. HP: 6/45 MP: 10/10
  4526 | D:5      | Paralysed by Grinder for 5 turns
  4528 | D:5      | Killed from afar by an orc priest

Skill      XL: |  1  2  3  4  5  6 |
---------------+-------------------+-----
Stealth        | 2 3 4 5 6 |  6.1
Fighting       | 2 |  2.8
Short Blades   | 2 |  2.7
Evocations     | 4 |  4.5
Dodging        | 3 |  3.2

Action                   |  1- 3 |  4- 6 |  7- 9 || total
-------------------------+-------+-------+-------++-------
Melee: Short sword       |    13 |       |       ||    13
       Constrict         |    13 |    31 |       ||    44
       Dagger            |    45 |   133 |       ||   178
       Tentacles         |     7 |    35 |       ||    42
Evoke: Wand              |       |     7 |     1 ||     8
  Use: Scroll            |       |     4 |       ||     4
 Stab: Sleeping          |    16 |     5 |       ||    21
       Distracted        |     1 |       |       ||     1
  Eat: Chunk             |     3 |     8 |       ||    11
Armor: Skin              |     5 |     8 |       ||    13
Dodge: Dodged            |    35 |   106 |       ||   141
